 Dungeon Crawl Stone Soup version 0.26.1-11-gd32895ea62 (webtiles) character file.

Game seed: 15242822814630900736

647 nothank2 the Conjurer (level 7, -8/36 HPs)
             Began as a Deep Elf Conjurer on June 24, 2021.
             Splashed by an orc's acid (14 damage)
             ... on level 4 of the Dungeon.
             The game lasted 00:10:04 (3764 turns).

nothank2 the Conjurer (Deep Elf Conjurer)           Turns: 3764, Time: 00:10:07

Health: -8/36      AC:  5    Str: 10    XL:     7   Next: 27%
Magic:  20/20      EV: 13    Int: 25    God:
Gold:   149        SH:  0    Dex: 13    Spells: 14/21 levels left

rFire    . . .     SeeInvis .   w - +8 short sword "Keximiwk" {protect, Will+}
rCold    . . .     Faith    .   (no shield)
rNeg     . . .     Spirit   .   a - +0 robe
rPois    .         Reflect  .   (no helmet)
rElec    .         Harm     .   (no cloak)
rCorr    .         Rampage  .   (no gloves)
Will     +....                  (no boots)
Stlth    ++........             v - amulet of magic regeneration
HPRegen  0.12/turn              e - +6 ring of strength
MPRegen  0.42/turn              (no ring)

@: corroded, protection aura
A: no striking features
a: no special abilities


You were on level 4 of the Dungeon.
You visited 1 branch of the dungeon, and saw 4 of its levels.

You collected 149 gold pieces.

Inventory:

Hand Weapons
 f - a +0 dagger
 j - a +2 dagger of speed
 o - a +0 flail
 t - a +2 dagger of protection
 w - the +8 short sword "Keximiwk" (weapon) {protect, Will+}
   (You found it on level 4 of the Dungeon)

   It grants its wielder temporary protection when it strikes (+7 to AC).
   It affects your willpower, your defense against some magical effects.
Armour
 a - a +0 robe (worn)
 h - a scarf of harm
Jewellery
 e - a +6 ring of strength (left hand)
 u - an uncursed amulet of the acrobat
 v - an amulet of magic regeneration (around neck)
 B - an uncursed ring of poison resistance {unknown}
Wands
 y - a wand of flame (17)
Scrolls
 b - 6 scrolls of identify {unknown}
 c - a scroll of enchant weapon {unknown}
 d - a scroll of enchant armour {unknown}
 g - 3 scrolls of remove curse {unknown}
 i - a scroll of immolation
 k - 2 scrolls of teleportation {unknown}
 m - a scroll of blinking {unknown}
 q - a scroll of fear {unknown}
 s - a scroll of random uselessness {unknown}
Potions
 l - 3 potions of mutation {unknown}
 n - 2 potions of might {unknown}
 p - a potion of degeneration {unknown}
 r - 2 potions of lignification {unknown}
 x - a potion of brilliance {unknown}
 z - a potion of attraction {unknown}
 A - a potion of cancellation {unknown}


   Skills:
 - Level 2.4 Dodging
 - Level 2.4 Stealth
 + Level 7.5 Spellcasting
 + Level 7.9 Conjurations


You had 14 spell levels left.
You knew the following spells:

 Your Spells              Type           Power        Failure   Level
a - Magic Dart            Conj           100%         1%          1
b - Searing Ray           Conj           96%          1%          2
c - Fulminant Prism       Conj/Hex       14%          12%         4

Your spell library contained the following spells:

 Spells                   Type           Power        Failure   Level
 Dazzling Flash           Conj/Hex       58%          3%          3
 Iskenderun's Mystic Bla  Conj/Tloc      29%          12%         4


Dungeon Overview and Level Annotations

Branches:
Dungeon (4/15)
 Temple: D:4-7

Altars:
Ashenzari
Wu Jian

Annotations:
D:3 1 runed translucent door, oc3rt's ghost, amateur GnAM


Message History

Things that are here:
a +0 leather armour; an orc corpse
Things that are here:
a +0 dagger; a +0 robe You see here a +0 hand axe.
Things that are here:
a +0 flail; an orc corpse An orc comes into view.
It is wielding a +0 mace, wearing a +1 leather armour of willpower and carrying a wand of acid (6).
The orc shouts!
You hear an angry hiss.
The orc zaps a wand.
The bolt of acid hits you! The acid corrodes you!
You are splashed with acid!
The orc hits you with a +0 mace.
* * * LOW HITPOINT WARNING * * *
You hit the orc.
Your weapon exudes an aura of protection.
The orc is lightly wounded.
The orc zaps a wand.
The bolt of acid hits you.
* * * LOW HITPOINT WARNING * * *
You are splashed with acid!
You die...

#.....# #.....# ######
######.....# #....#
...........# #....#
.....[.....# #....#
######))#### #....#
#..########....# ### #####
##)........#..#####[..###....
#..######...@o........#......
#####.##
#..######............
.......######.## ...........
.......#......# #.........
............### #.##.........
############# #.# #........ #
#.# #........ # ♣♣♣♣♣### #.#
#........ # #####♣♣♣.♣..#.##
#.####.†...).


You could see an orc.

Vanquished Creatures
  A phantom (D:4)
  A scorpion (D:4)
  Crazy Yiuf (D:4)
  3 orc priests (D:4)
  Jessica (D:3)
  Terence (D:2)
  An orc wizard (D:4)
  3 worker ants (D:4)
  3 iguanas (D:4)
  5 adders
  4 gnolls (D:2)
  An ufetubus (D:4)
  A worm (D:2)
  A dart slug (D:4)
  4 leopard geckos
  6 orcs
  A ball python (D:1)
  7 giant cockroaches
  10 goblins
  5 hobgoblins
  8 kobolds
  A quokka (D:3)
  8 bats
  2 frilled lizards
  A leopard gecko skeleton (D:4)
  11 rats
91 creatures vanquished.

Notes
Turn   | Place    | Note
-------+----------+-------------------------------------------
     0 | D:1      | nothank2 the Deep Elf Conjurer began the quest for the Orb.
     0 | D:1      | Reached XP level 1. HP: 10/10 MP: 6/6
   146 | D:1      | Reached XP level 2. HP: 15/15 MP: 4/8
   239 | D:1      | Reached skill level 5 in Conjurations
   668 | D:1      | Reached XP level 3. HP: 19/19 MP: 3/9
  1079 | D:2      | Learned a level 2 spell: Searing Ray
  1429 | D:2      | Found an ornate altar of the Wu Jian Council.
  1446 | D:2      | Reached XP level 4. HP: 24/24 MP: 3/12
  1839 | D:2      | Noticed Terence
  1844 | D:2      | Killed Terence
  1945 | D:2      | Reached XP level 5. HP: 28/28 MP: 10/14
  2209 | D:3      | Learned a level 4 spell: Fulminant Prism
  2382 | D:3      | Noticed Jessica
  2384 | D:3      | Killed Jessica
  2385 | D:3      | Reached skill level 5 in Spellcasting
  2600 | D:3      | Found a broken altar of Ashenzari.
  2907 | D:3      | Found a runed translucent door.
  2911 | D:3      | Noticed a sky beast
  2911 | D:3      | Noticed oc3rt's ghost (amateur GnAM)
  3240 | D:4      | Noticed a phantom
  3242 | D:4      | Got a dazzling short sword
  3243 | D:4      | Identified the +8 short sword "Keximiwk" {protect, Will+}
                  | (You found it on level 4 of the Dungeon)
  3249 | D:4      | Killed a phantom
  3250 | D:4      | Reached XP level 6. HP: 32/32 MP: 11/17
  3371 | D:4      | Found a runed translucent door.
  3372 | D:4      | Noticed Crazy Yiuf
  3377 | D:4      | Killed Crazy Yiuf
  3484 | D:4      | Reached XP level 7. HP: 21/36 MP: 10/19
  3764 | D:4      | Splashed by an orc's acid

Illustrated notes

Levels and vault maps discovered:
D:1:      tarquinn_simple_flora_water_f, layout_rooms, st_stairs_1,
          minmay_misc_feat_encased
D:2:      layout_loops_ring, nzn_wu_jian_contemplation,
          grunt_decor_mini_mirrors, uniq_terence
D:3:      layout_loops_ring, old_standard_altar, ebering_ghost_inner_flame,
          uniq_jessica
D:4:      layout_rooms, minmay_temple_entry_fiery, uniq_crazy_yiuf_cottage

Skill      XL: |  1  2  3  4  5  6 |
---------------+-------------------+-----
Conjurations   | 5 6 7 |  7.9
Spellcasting   | 4 6 7 |  7.5
Dodging        | |  2.4
Stealth        | |  2.4

Action                   |  1- 3 |  4- 6 |  7- 9 || total
-------------------------+-------+-------+-------++-------
Melee: Unarmed           |     1 |       |       ||     1
       Short sword       |       |       |     1 ||     1
 Cast: Magic Dart        |    80 |    77 |     8 ||   165
       Searing Ray       |     2 |     9 |     5 ||    16
Armor: Robe              |     5 |       |       ||     5
Dodge: Dodged            |     7 |     1 |     1 ||     9
